Map: Frostline LE

Players

WeAreLegion

  • Race: Terran Terran
  • League: Silver
  • Spawn Location: 7:00

cubensis - Winner!

  • Race: Terran Terran
  • League: Platinum
  • Spawn Location: 1:00

VOD

Have the link to the VOD?

Description

Time

  • Played on: Dec. 1, 2024, 12:18 p.m.
  • Length: 4:36
Show
View Real Time Build Order
Export as new Build Order

WeAreLegion Terran 

Build Orders: Reaper Expand 

Get SALT Encoding   

  12  0:00  SCV  
  13  0:12  SCV  
  14  0:17  Supply Depot  
  14  0:24  SCV  
  15  0:38  SCV  
  15  0:41  Barracks  
  16  0:45  Refinery  
  16  0:52  SCV  
  17  1:04  SCV, Refinery  
  17  1:31  Orbital Command  
  16  1:44  Factory  
  16  2:04  SCV  
  17  2:16  Command Center  
  17  2:24  SCV  
  18  2:35  Supply Depot  
  18  2:39  Starport  
  18  2:43  Factory Tech Lab  
  18  2:47  Reaper  
  17  3:18  Marine  
  14  3:36  Marine  
  14  3:39  Hellion  
  11  4:12  SCV  
Show
View Real Time Build Order
Export as new Build Order

cubensis Terran - Winner!

Build Orders: Gas First Reaper Expand 

Get SALT Encoding   

  12  0:00  SCV  
  13  0:15  Supply Depot  
  13  0:18  SCV  
  14  0:26  Refinery  
  14  0:30  SCV  
  15  0:44  Barracks  
  15  0:48  SCV  
  16  1:00  SCV  
  17  1:12  SCV  
  18  1:28  SCV  
  19  1:41  Reaper  
  20  1:49  Orbital Command  
  20  1:54  Command Center  
  20  2:00  Supply Depot  
  20  2:14  Reaper  
  21  2:20  SCV  
  22  2:25  Refinery  
  22  2:32  SCV  
  23  2:37  Factory  
  23  2:44  SCV  
  24  3:04  Reaper  
  25  3:36  Reaper  
  25  4:20  SCV  
  25  4:28  Factory Tech Lab  
  25  4:33  Barracks  
  25  4:35  Engineering Bay  
Tags
 
Add a new tag
Caveats
  • Supply blocks, unpowered buildings, or Contaminate may cause inaccurate times.
  • Supply counts are checked every 10 seconds.